 Dungeon Crawl Stone Soup version 0.14-a0-59-gd5eeb80 (webtiles) character file.

7683 Edwina the Thaumaturge (level 10, -5/86 HPs)
             Began as a Djinni Venom Mage on Sept 28, 2013.
             Was a Priest of Sif Muna.
             Slain by a killer bee (7 damage)
             ... on Level 9 of the Dungeon on Sept 30, 2013.
             The game lasted 01:21:38 (19049 turns).

Edwina the Thaumaturge (Djinni Venom Mage)         Turns: 19049, Time: 01:21:38

HP  -5/86 (63)   AC  7     Str 10      XL: 10   Next: 90%
MP   0/0         EV 19     Int 27      God: Sif Muna [***...]
Gold 352         SH  0     Dex 18      Spells:  5 memorised, 14 levels left

Res.Fire  : + + +   See Invis. : +   o - +2,+0 dwarf dagger (elec)
Res.Cold  : + + .   Warding    : .   g - +3 leather armour {rC+}
Life Prot.: + + +   Conserve   : +   (no shield)
Res.Poison: .       Res.Corr.  : .   (no helmet)
Res.Elec. : +       Clarity    : .   (no cloak)
Sust.Abil.: . .     Spirit.Shd : .   f - +0 pair of gloves
Res.Mut.  : .       Stasis     : .   (boots unavailable)
Res.Rott. : .       Flight     : .   l - amulet of conservation
Saprovore : . . .                    F - ring "Titotumu" {Hunger rElec rC++ Str+2 S J - +2 ring of intelligence

@: non-regenerating, invisible, brilliant, agile, mildly poisoned, diseased,
very slightly contaminated, rotting, slowed, very slow, somewhat resistant to
hostile enchantments, quite stealthy
A: fire immunity, cold vulnerability, life protection 3
a: Channel Energy, Forget Spell, Renounce Religion


You were on level 9 of the Dungeon.
You worshipped Sif Muna.
Sif Muna was most pleased with you.
You were not hungry.

You visited 3 branches of the dungeon, and saw 12 of its levels.

You collected 531 gold pieces.
You spent 199 gold pieces at shops.

Inventory:

Hand weapons
 o - a +2,+0 dwarven dagger of electrocution (weapon)
 v - a +0,+0 orcish dagger of venom
 y - a +2,+1 dwarven short sword of protection
 A - a +0,+2 whip of flaming
Missiles
 u - 17 arrows of flame
Armour
 f - a +0 pair of gloves (worn)
 g - a +3 leather armour of cold resistance (worn)
 k - the +0 robe "Ereoh" {+Fly rPois Dam-5}
   (You bought it in a shop on level 7 of the Dungeon)

   It affects your damage-dealing abilities (-5).
   It protects you from poison.
   It lets you fly.
 s - a cursed +2 robe of resistance
Magical devices
 d - a wand of frost (0)
 p - a wand of polymorph (11)
 r - a wand of digging (10)
 D - a wand of magic darts (16)
Scrolls
 h - a scroll of enchant armour {unknown}
 j - 4 scrolls of amnesia
 B - a scroll of immolation {unknown}
 C - a scroll of enchant weapon I {unknown}
 G - a scroll of recharging {unknown}
 I - 2 scrolls of identify
Jewellery
 i - a +2 ring of dexterity
 l - an amulet of conservation (around neck)
 n - an uncursed ring of protection from magic
 t - an uncursed ring of sustenance
 F - the ring "Titotumu" (right hand) {Hunger rElec rC++ Str+2 SInv Stlth+}
   (You found it on level 8 of the Dungeon)

   [ring of hunger]

   It affects your strength (+2).
   It greatly protects you from cold.
   It insulates you from electricity.
   It enhances your eyesight.
   It makes you much more stealthy.
 J - a +2 ring of intelligence (left hand)
Potions
 a - a potion of porridge {unknown}
 c - a potion of mutation
 q - a potion of agility
 w - 2 potions of degeneration
 x - 2 potions of brilliance
 z - a potion of invisibility
Books
 b - a Young Poisoner's Handbook

   Spells                             Type                      Level
   *Sting                             Conjuration/Poison           1
   *Cure Poison                       Poison                       2
   *Mephitic Cloud                    Conjuration/Poison/Air       3
   *Olgreb's Toxic Radiance           Poison                       4
   *Venom Bolt                        Conjuration/Poison           5
 K - a book of Fire

   Spells                             Type                      Level
   Fire Brand                         Charms/Fire                  2
   Ignite Poison                      Fire/Transmutation           5
   Fireball                           Conjuration/Fire             5
   Bolt of Fire                       Conjuration/Fire             6
   Delayed Fireball                   Conjuration/Fire             7
   Ring of Flames                     Charms/Fire                  7


   Skills:
 + Level 6.9 Fighting
 + Level 5.5 Dodging
 - Level 1.5 Stealth
 * Level 10.3 Spellcasting
 + Level 7.0 Conjurations
 - Level 4.0 Air Magic
 + Level 6.5 Poison Magic
 + Level 3.7 Invocations


You had 14 spell levels left.
You knew the following spells:

 Your Spells              Type           Power        Failure   Level  Hunger
a - Sting                 Conj/Pois      ####         1%          1    None
b - Mephitic Cloud        Conj/Pois/Air  ######..     1%          3    None
c - Olgreb's Toxic Radia  Pois           ######..     1%          4    None
d - Cure Poison           Pois           ######....   1%          2    None
e - Venom Bolt            Conj/Pois      ######....   1%          5    ###....


Dungeon Overview and Level Annotations

Branches:
Dungeon (10/27)            Temple (1/1) D:5            Lair (1/8) D:9
    Orc: D:6-11

Altars:
Cheibriados
Kikubaaqudgha
Makhleb
Nemelex Xobeh
Sif Muna
Trog
Vehumet
Zin
the Shining One

Shops:
D:7 [

Annotations:
D:3 Leibowitz's ghost, average KoEn
D:10 Erica
Lair:1 exclusion: 2 oklob plants


Innate Abilities, Weirdness & Mutations

You are immune to all types of fire, even holy and hellish.
You are vulnerable to cold.
You need no food.
You have no legs.
You are immune to negative energy.


Message History

It was a potion of invisibility.
The killer bee misses you. The killer bee misses you.
The killer bee closely misses you.
You are very lightly contaminated with residual magic.
The killer bee completely misses you. The killer bee misses you.
* * * LOW HITPOINT WARNING * * *
You feel sick. The killer bee completely misses you.
The killer bee stings you but does no damage.
The killer bee completely misses you. The killer bee closely misses you.
The killer bee misses you. The killer bee closely misses you.
The killer bee barely misses you. The killer bee completely misses you.
* * * LOW HITPOINT WARNING * * *
You feel sick. The killer bee closely misses you.
The killer bee completely misses you. The killer bee completely misses you.
The killer bee stings you.
* * * LOW HITPOINT WARNING * * *
You are more poisoned.
The killer bee poisons you! The killer bee misses you.
The killer bee closely misses you. The killer bee stings you!
You die...

#.)## #n# #.## #.#
###'### #k# ##...?.#
##.# .#.....# ####..#
.'.....# #....##
##.....# #.####
#..(..# #k# ##'####
#@# #...# #.# ###.#
#.# ####.#### #.#
#.......# ###.####
#.......# #......#
##.......# #......#
##.......# #..(...#
##.......#####......#


You could see a killer bee.

Vanquished Creatures
  Pikel (D:6)
  Joseph (D:7)
  An elephant (D:9)
  A troll (D:9)
  3 blink frogs (Lair:1)
  Eustachio (D:7)
  A yak (D:9)
  2 hippogriffs (Lair:1)
  A porcupine (Lair:1)
  4 orc warriors
  2 sky beasts
  An ice beast (D:7)
  4 slaves (D:6)
  2 black bears
  3 phantoms
  8 ogres
  Sigmund (D:2)
  5 centaurs
  Blork the orc (D:6)
  2 agate snails
  9 giant frogs
  2 eyes of draining (D:8)
  3 wights (D:9)
  2 jellies
  A hippogriff skeleton (D:9)
  A centaur zombie (D:9)
  A crimson imp (D:9)
  5 hounds
  4 orc priests
  A water moccasin skeleton (D:8)
  13 orc wizards
  3 scorpions
  A centaur skeleton (D:6)
  3 iguanas
  8 worker ants
  2 sheep (D:9)
  A big kobold zombie (D:8)
  Ijyb (D:3)
  Jessica (D:2)
  Terence (D:2)
  A mummy (D:9)
  10 green rats
  11 adders
  3 giant centipedes (Lair:1)
  A giant mite (D:5)
  5 worms
  An adder skeleton (D:5)
  2 giant eyeballs (D:6)
  7 giant geckos
  An ooze (D:3)
  23 orcs
  2 ball pythons
  A bat zombie (D:7)
  20 goblins
  12 hobgoblins
  12 jackals
  2 quokkas
  27 bats
  6 giant cockroaches
  3 giant newts
  A giant spore (D:7)
  A goblin skeleton (D:4)
  A goblin zombie (D:5)
  A hobgoblin skeleton (D:4)
  18 kobolds
  A kobold skeleton (D:6)
  An orc zombie (D:6)
  24 rats
  A ballistomycete (D:7)
307 creatures vanquished.

Notes
Turn   | Place    | Note
--------------------------------------------------------------
     0 | D:1      | Edwina, the Djinni Venom Mage, began the quest for the Orb.
     0 | D:1      | Reached XP level 1. HP: 14/14 MP: 0/0
   488 | D:1      | Reached XP level 2. EP: 18/22
  1080 | D:2      | Noticed Sigmund
  1258 | D:2      | Reached XP level 3. EP: 22/28
  1276 | D:2      | Learned a level 3 spell: Mephitic Cloud
  1351 | D:2      | Noticed Jessica
  1408 | D:2      | Killed Jessica
  1408 | D:2      | Reached skill level 4 in Spellcasting
  1634 | D:1      | Reached skill level 1 in Conjurations
  1766 | D:2      | Reached XP level 4. EP: 33/37
  1930 | D:2      | Killed Sigmund
  1930 | D:2      | Reached skill level 1 in Air Magic
  1930 | D:2      | Reached XP level 5. EP: 12/43
  2426 | D:2      | Noticed Terence
  2444 | D:2      | Killed Terence
  3086 | D:3      | Noticed Ijyb
  3120 | D:3      | Killed Ijyb
  3163 | D:3      | Noticed Leibowitz's ghost (average KoEn)
  4081 | D:4      | Learned a level 4 spell: Olgreb's Toxic Radiance
  4084 | D:4      | Learned a level 2 spell: Cure Poison
  4101 | D:4      | Reached skill level 5 in Spellcasting
  4194 | D:4      | Reached XP level 6. EP: 34/51
  4357 | D:4      | Reached skill level 1 in Fighting
  5491 | D:5      | Entered Level 5 of the Dungeon
  5664 | D:5      | Reached XP level 7. EP: 53/60
  6761 | D:4      | Upgraded the game from 0.14-a0-40-g75911bd to 0.14-a0-50-gc6ee670
  7199 | D:5      | Reached skill level 6 in Spellcasting
  7297 | D:5      | Found a staircase to the Ecumenical Temple.
  7512 | Temple   | Entered the Ecumenical Temple
  7530 | Temple   | Became a worshipper of Sif Muna the Loreminder
  7568 | D:5      | Reached XP level 8. EP: 53/69
  8167 | D:6      | Found an ancient bone altar of Kikubaaqudgha.
  8169 | D:6      | Paralysed by a giant eyeball for 3 turns
  8175 | D:6      | Found a burning altar of Makhleb.
  8176 | D:6      | Found a glowing silver altar of Zin.
  8176 | D:6      | Paralysed by a giant eyeball for 4 turns
  8688 | D:6      | Got a faintly glowing chain mail
  8706 | D:6      | Identified the +3 chain mail "Ruatuchu" {Dex+2 Stlth++ Curse} (You found it on level 6 of the Dungeon)
  8822 | D:6      | Noticed Pikel
  9004 | D:6      | Noticed Blork the orc
  9036 | D:6      | Killed Blork the orc
  9314 | D:6      | Killed Pikel
  9314 | D:6      | Acquired Sif Muna's first power
  9314 | D:6      | Reached skill level 7 in Spellcasting
  9314 | D:6      | Reached skill level 5 in Poison Magic
  9729 | D:6      | Learned a level 5 spell: Venom Bolt
 10054 | D:7      | Reached XP level 9. EP: 60/78
 10055 | D:7      | Noticed Joseph
 11280 | D:6      | Reached skill level 5 in Conjurations
 11310 | D:6      | Reached skill level 8 in Spellcasting
 11940 | D:7      | Found Baju Guc's Antique Armour Emporium.
 11964 | D:7      | Killed Joseph
 11964 | D:7      | Reached skill level 5 in Fighting
 12194 | D:7      | Bought a thick robe for 199 gold pieces
 12195 | D:7      | Identified the +0 robe "Ereoh" {+Fly rPois Dam-5} (You bought it in a shop on level 7 of the Dungeon)
 12436 | D:7      | Noticed Eustachio
 12452 | D:7      | Killed Eustachio
 12848 | D:7      | Acquired Sif Muna's second power
 13469 | D:7      | Reached skill level 9 in Spellcasting
 13616 | D:7      | Found a sparkling altar of Nemelex Xobeh.
 13843 | D:8      | Reached XP level 10. EP: 83/87
 14111 | D:8      | Found a bloodstained altar of Trog.
 14501 | D:8      | Got a twitching steel ring
 15423 | D:9      | Reached skill level 1 in Invocations
 15689 | D:9      | Noticed an elephant
 15709 | D:9      | Upgraded the game from 0.14-a0-50-gc6ee670 to 0.14-a0-59-gd5eeb80
 15940 | D:9      | Found a staircase to the Lair.
 16167 | D:9      | Killed an elephant
 16235 | D:9      | Reached skill level 5 in Dodging
 16475 | D:9      | Noticed a five-headed hydra
 17050 | Lair:1   | Entered Level 1 of the Lair of Beasts
 17106 | Lair:1   | Noticed an oklob plant
 17107 | Lair:1   | Noticed an oklob plant
 17133 | Lair:1   | Identified the ring "Titotumu" {Hunger rElec rC++ Str+2 SInv Stlth+} (You found it on level 8 of the Dungeon)
 17263 | Lair:1   | Reached skill level 10 in Spellcasting
 18343 | Lair:1   | Noticed a black mamba
 18696 | D:10     | Entered Level 10 of the Dungeon
 18699 | D:10     | Noticed Erica
 19027 | D:10     | Noticed an unseen horror
 19047 | D:9      | HP: 2/86 [killer bee (6)]
 19049 | D:9      | Slain by a killer bee

Action                   |  1- 3 |  4- 6 |  7- 9 | 10-12 || total
-------------------------+-------+-------+-------+-------++-------
Melee: Spear             |    44 |    49 |       |       ||    93
       Whip              |       |    89 |    79 |       ||   168
       Dagger            |       |    13 |   151 |   166 ||   330
       Unarmed           |       |    29 |       |       ||    29
       Hand axe          |       |       |    10 |       ||    10
       Short sword       |       |       |    20 |       ||    20
 Cast: Sting             |    61 |   132 |   280 |   179 ||   652
       Mephitic Cloud    |       |     4 |    31 |    21 ||    56
       Cure Poison       |       |     3 |     7 |     5 ||    15
       Olgreb's Toxic Ra |       |       |     6 |     4 ||    10
       Venom Bolt        |       |       |     1 |    11 ||    12
Invok: Channel Energy    |       |       |       |     9 ||     9
Evoke: Wand              |       |       |     1 |     3 ||     4
  Use: Scroll            |       |     7 |    13 |     4 ||    24
       Potion            |       |       |    12 |     8 ||    20
 Stab: Sleeping          |       |     5 |       |       ||     5
       Confused          |       |       |     1 |     1 ||     2
       Distracted        |       |       |       |     1 ||     1
